 Dungeon Crawl Stone Soup version 0.20.1-1-g8b1a95d (webtiles) character file.

5072 Ladhar the Fencer (level 10, -2/81 HPs)
             Began as a Minotaur Berserker on Oct 25, 2017.
             Was an Elder of Trog.
             Incinerated by a deep elf mage (6 damage)
             ... with a sticky flame
             ... in a bailey.
             The game lasted 00:51:42 (8591 turns).

Ladhar the Fencer (Minotaur Berserker)              Turns: 8591, Time: 00:51:43

Health: -2/81      AC: 15    Str: 26    XL:     10   Next: 31%
Magic:  9/9        EV:  8    Int:  4    God:    Trog [****..]
Gold:   537        SH:  0    Dex:  9    Spells: 9/9 levels left

rFire    . . .     SeeInvis .   a - +1 falchion
rCold    . . .     Gourm    .   (no shield)
rNeg     . . .     Faith    .   K - +0 plate armour
rPois    +         Spirit   .   (helmet restricted)
rElec    .         Reflect  .   (no cloak)
rCorr    .         Harm     .   p - +2 pair of gloves
MR       ++...                  (no boots)
Stlth    ..........             (no amulet)
Regen    1.3/turn               w - ring of poison resistance
MPRegen  0.2/turn               (no ring)

@: liquid flames, berserk cooldown, regenerating, slowed, glowing, very slow
A: retaliatory headbutt, horns 2
a: Berserk, Trog's Hand, Brothers in Arms, Burn Spellbooks, Renounce Religion


You were in a bailey.
You worshipped Trog.
Trog was greatly pleased with you.
You were not hungry.

You visited 1 branch of the dungeon, and saw 9 of its levels.
You also visited: Bailey.

You collected 537 gold pieces.

Inventory:

Hand Weapons
 a - a +1 falchion (weapon)
Missiles
 e - 3 javelins (quivered)
 M - 2 silver tomahawks
Armour
 f - a +0 chain mail
 p - a +2 pair of gloves (worn)
 F - a +0 chain mail of poison resistance
 K - a +0 plate armour (worn)
Jewellery
 d - an uncursed ring of magical power {unknown}
 w - a ring of poison resistance (left hand)
Wands
 g - a wand of enslavement (6/24)
 t - a wand of random effects (20/48)
 y - a wand of polymorph (9/24)
 I - a wand of lightning (11/15)
 L - a wand of acid (9/15)
 N - a wand of polymorph (16/24)
Scrolls
 b - a scroll of fog {unknown}
 n - a scroll of enchant weapon
 o - a scroll of noise {unknown}
 q - a scroll of recharging {unknown}
 s - 2 scrolls of remove curse
 u - 4 scrolls of enchant armour {unknown}
 x - 2 scrolls of immolation {unknown}
 z - a scroll of fear {unknown}
 E - 2 scrolls of teleportation {unknown}
 H - a scroll of identify
 J - a scroll of silence {unknown}
Potions
 h - a potion of resistance {unknown}
 i - 3 potions of curing {unknown}
 k - 3 potions of haste {unknown}
 l - 2 potions of magic {unknown}
 m - 5 potions of agility {unknown}
 r - a potion of degeneration {unknown}
 v - 3 potions of heal wounds {unknown}
 B - 2 potions of mutation {unknown}
 C - 2 potions of flight {unknown}
 D - a potion of berserk rage {unknown}
 G - a potion of might {unknown}
 P - 2 potions of brilliance {unknown}
Comestibles
 c - 10 bread rations
 j - 4 meat rations
 A - 5 royal jellies
 O - 2 fruits
 Q - 3 chunks of flesh


   Skills:
 + Level 5.2 Fighting
 + Level 16.0 Long Blades
 + Level 2.0 Throwing
 + Level 5.7 Armour
 - Level 2.1 Dodging


You had 9 spell levels left.
You didn't know any spells.

Dungeon Overview and Level Annotations

Branches:
Dungeon (9/15)             Temple (0/1) D:4
   Lair: D:8-11         Orc: D:9-12

Altars:
Elyvilon
Fedhas
Okawaru
Qazlal
Vehumet

Shops:
D:4 (   D:7 %

Annotations:
D:7 exclusion: statue


Innate Abilities, Weirdness & Mutations

You reflexively headbutt those who attack you in melee.
You have a pair of horns on your head.


Message History

The deep elf mage is moderately wounded.
The deep elf mage hits you but does no damage.
The deep elf mage points at you and mumbles some strange words.
The sticky flame hits you!
You are covered in liquid flames!
* * * LOW HITPOINT WARNING * * *
You are too injured to fight recklessly!
Your skin crawls.
You feel resistant to hostile enchantments.
You feel somewhat more hungry.
You are covered in liquid flames!
* * * LOW HITPOINT WARNING * * *
The deep elf mage hits you with a long sword!
* * * LOW HITPOINT WARNING * * *
The deep elf mage barely misses you. You furiously retaliate!
You headbutt the deep elf mage. You hit the deep elf mage.
The deep elf mage is severely wounded.
You are covered in liquid flames!
You die...

#####e
##....#
#.....#
#..∩.§#
#..E.§#
#.ee#
#..##)####
#...
##e..##
#...
#@e...#
##..
#..∩..#
###
##...##
#####


You could see 2 deep elf magi.

Vanquished Creatures
  The ghost of michal191288 the Shield-Bearer, a novice HuFi of Hepliaklqana (D:7)
  2 deep elf magi (Bailey)
  2 hippogriffs
  Grinder (D:4)
  A spriggan (D:7)
  A hungry ghost (D:7)
  3 sky beasts
  3 orc warriors
  A phantom (D:7)
  A black bear (D:6)
  2 ice beasts
  4 ogres
  4 centaurs
  2 bullfrogs (D:6)
  A scorpion (D:6)
  3 wights (D:7)
  A howler monkey (D:8)
  4 crimson imps
  A bullfrog zombie (D:7)
  A centaur zombie (D:6)
  Crazy Yiuf (D:4)
  5 orc priests
  2 hounds (D:7)
  6 orc wizards
  4 jellies
  Ijyb (D:4)
  6 worker ants
  A hound zombie (D:7)
  7 adders
  2 howler monkey skeletons
  An ooze (D:3)
  An adder zombie (D:7)
  2 worms
  6 leopard geckos
  17 orcs
  2 ball pythons (D:3)
  6 bats
  4 giant cockroaches
  8 goblins
  4 hobgoblins
  8 jackals
  6 quokkas
  7 frilled lizards
  8 kobolds
  3 quokka skeletons
  A quokka zombie (D:5)
  8 rats
166 creatures vanquished.

Notes
Turn   | Place    | Note
-------+----------+-------------------------------------------
     0 | D:1      | Ladhar the Minotaur Berserker began the quest for the Orb.
     0 | D:1      | Reached XP level 1. HP: 19/19 MP: 0/0
   140 | D:1      | Reached skill level 4 in Long Blades
   144 | D:1      | Reached XP level 2. HP: 21/26 MP: 1/1
   604 | D:1      | Reached skill level 5 in Long Blades
   959 | D:2      | Reached ** piety under Trog
  1028 | D:2      | Reached XP level 3. HP: 31/31 MP: 2/2
  2218 | D:3      | Reached skill level 6 in Long Blades
  2218 | D:3      | Reached XP level 4. HP: 35/39 MP: 3/3
  2727 | D:4      | Reached XP level 5. HP: 45/45 MP: 4/4
  2854 | D:4      | Noticed Ijyb
  2886 | D:4      | Killed Ijyb
  2886 | D:4      | Reached skill level 7 in Long Blades
  2927 | D:4      | Noticed Grinder
  2927 | D:4      | Paralysed by Grinder for 2 turns
  2984 | D:4      | Found Duoclac's Weapon Emporium.
  3077 | D:4      | Killed Grinder
  3077 | D:4      | Reached skill level 8 in Long Blades
  3077 | D:4      | Reached XP level 6. HP: 51/51 MP: 5/5
  3132 | D:4      | Found a runed door.
  3136 | D:4      | Noticed Crazy Yiuf
  3141 | D:4      | Killed Crazy Yiuf
  3141 | D:4      | Reached skill level 9 in Long Blades
  3388 | D:4      | Found a staircase to the Ecumenical Temple.
  3542 | D:5      | Entered Level 5 of the Dungeon
  3553 | D:5      | Reached *** piety under Trog
  3629 | D:5      | Found a blossoming altar of Fedhas.
  3791 | D:5      | Noticed an ice beast
  3805 | D:5      | HP: 2/51 [ice beast (8)]
  3807 | D:5      | Killed an ice beast
  4065 | D:5      | Reached XP level 7. HP: 55/57 MP: 6/6
  4069 | D:5      | Found a white marble altar of Elyvilon.
  4091 | D:5      | Reached skill level 10 in Long Blades
  4751 | D:6      | Reached skill level 11 in Long Blades
  4955 | D:6      | Reached XP level 8. HP: 55/64 MP: 7/7
  5288 | D:6      | Reached skill level 12 in Long Blades
  5788 | D:6      | Reached skill level 13 in Long Blades
  5943 | D:7      | Found a stormy altar of Qazlal.
  6088 | D:7      | Reached XP level 9. HP: 56/70 MP: 8/8
  6141 | D:7      | Reached skill level 14 in Long Blades
  6364 | D:7      | Noticed michal191288's ghost (novice HuFi)
  6393 | D:7      | Found Sucawoc's Food Emporium.
  6423 | D:7      | Found a radiant altar of Vehumet.
  6475 | D:7      | Found an iron altar of Okawaru.
  6531 | D:7      | Killed michal191288's ghost
  6712 | D:7      | Reached skill level 15 in Long Blades
  6748 | D:7      | Reached skill level 1 in Throwing
  6758 | D:7      | Received a gift from Trog
  6954 | D:7      | Reached **** piety under Trog
  7838 | D:8      | Reached XP level 10. HP: 80/80 MP: 9/9
  8460 | D:9      | Found a flagged portal.
  8489 | Bailey   | Entered a bailey
  8497 | Bailey   | Noticed a deep elf mage
  8508 | Bailey   | Killed a deep elf mage
  8508 | Bailey   | Reached skill level 5 in Fighting
  8508 | Bailey   | Reached skill level 5 in Armour
  8549 | Bailey   | Noticed a deep elf mage
  8556 | Bailey   | Noticed a deep elf mage
  8558 | Bailey   | Noticed a deep elf mage
  8568 | Bailey   | Killed a deep elf mage
  8568 | Bailey   | Reached skill level 16 in Long Blades
  8590 | Bailey   | HP: 4/81 [deep elf mage/long sword (7)]
  8591 | Bailey   | Incinerated by a deep elf mage

Skill      XL: |  1  2  3  4  5  6  7  8  9 10 |
---------------+-------------------------------+-----
Long Blades    | 4 5 6 8 9 11 13 15 16 | 16.0
Throwing       | 1 2 |  2.0
Armour         | 4 5 |  5.7
Fighting       | 4 5 |  5.2
Dodging        | |  2.1

Action                   |  1- 3 |  4- 6 |  7- 9 | 10-12 || total
-------------------------+-------+-------+-------+-------++-------
Melee: Falchion          |   116 |    84 |   300 |    71 ||   571
       Headbutt          |    13 |    15 |    65 |    16 ||   109
Throw: Javelin           |       |       |    25 |       ||    25
Invok: Berserk           |       |     2 |     2 |     2 ||     6
       Trog's Hand       |       |     1 |     2 |     2 ||     5
  Use: Scroll            |     3 |     3 |     2 |       ||     8
  Eat: Chunk             |     2 |     6 |    10 |       ||    18
       Bread ration      |     1 |       |     2 |     1 ||     4
       Meat ration       |       |       |     1 |       ||     1
Armor: Chain mail        |    79 |    44 |    94 |    19 ||   236
       Plate armour      |       |       |       |    14 ||    14
Dodge: Dodged            |    55 |    31 |    79 |    15 ||   180
       Rpst.: Falchion   |     6 |     7 |    20 |     6 ||    39
